 Dungeon Crawl Stone Soup version 0.22-a0-149-g870e420 (webtiles) character file.

116 Amnesiac the Digger (level 4, -2/30 HPs)
             Began as a Mummy Earth Elementalist on Feb 7, 2018.
             Slain by a gnoll
             ... wielding a +0 flail
              (15 damage)
             ... on level 3 of the Dungeon.
             The game lasted 00:03:05 (2625 turns).

Amnesiac the Digger (Mummy Earth Elementalist)      Turns: 2625, Time: 00:03:05

Health: -2/30      AC:  3    Str: 11    XL:     4   Next: 69%
Magic:  7/9        EV: 12    Int: 15    God:
Gold:   103        SH:  0    Dex: 12    Spells: 7/10 levels left

rFire    x . .     SeeInvis .   n - +0 hunting sling (curse)
rCold    + . .     Gourm    .   (no shield)
rNeg     + + +     Faith    .   c - +0 robe
rPois    ∞         Spirit   .   a - +0 helmet
rElec    .         Reflect  .   (no cloak)
rCorr    .         Harm     .   (no gloves)
MR       .....                  (no boots)
Stlth    ++........             (no amulet)
HPRegen  0.10/turn              (no ring)
MPRegen  0.11/turn              (no ring)

@: no status effects
A: no food or potions, fire vulnerability, cold resistance 1, negative energy
resistance 3, torment resistance, unbreathing
a: no special abilities


You were on level 3 of the Dungeon.
You were not hungry.

You visited 1 branch of the dungeon, and saw 3 of its levels.

You collected 103 gold pieces.

Inventory:

Hand Weapons
 e - a +0 short sword
 n - a cursed +0 hunting sling (weapon)
Missiles
 b - 39 stones
 p - 15 sling bullets (quivered)
Armour
 a - a +0 helmet (worn)
 c - a +0 robe (worn)
Jewellery
 g - an uncursed ring of fire {unknown}
 i - a +3 ring of evasion {unknown}
 o - a cursed ring of loudness {unknown}
Scrolls
 f - a scroll of magic mapping {!r, unknown}
 h - 2 scrolls of remove curse {!r, unknown}
 j - 2 scrolls of identify {!r}
 k - a scroll of blinking {!r, unknown}
 l - a scroll of teleportation {!r, unknown}
 m - a scroll of enchant weapon {!r, unknown}
Books
 d - a book of Geomancy

   Spells                             Type                      Level
   a - Sandblast                      Earth                        1
   b - Passwall                       Transmutation/Earth          2
   c - Stone Arrow                    Conjuration/Earth            3
   d - Petrify                        Transmutation/Earth          4
   e - Lee's Rapid Deconstruction     Earth                        5


   Skills:
 + Level 0.2 Short Blades
 - Level 1.5 Dodging
 + Level 1.7 Stealth
 + Level 3.9 Spellcasting
 - Level 0.7 Transmutations
 * Level 3.9 Earth Magic


You had 7 spell levels left.
You knew the following spells:

 Your Spells              Type           Power        Failure   Level  Hunger
a - Sandblast             Erth           ##....       3%          1    N/A
b - Passwall              Tmut/Erth      ##........   11%         2    N/A

Dungeon Overview and Level Annotations

Branches:
Dungeon (3/15)

Altars:


Innate Abilities, Weirdness & Mutations

You do not eat or drink.
Your flesh is vulnerable to fire.
You are immune to poison.
Your flesh is cold resistant. (rC+)
You are immune to negative energy. (rN+++)
You are immune to unholy pain and torment.
You can survive without breathing.


Message History

The sling bullet hits the gnoll.
The gnoll is lightly wounded.
Firing (i - inventory. (/) - cycle)
p - 21 sling bullets (quivered)
Press: ? - help, Shift-Dir - straight line, f/p - gnoll
Aim: a gnoll, wielding a club (lightly wounded)
You shoot a sling bullet.
The sling bullet barely misses the gnoll.
The sling bullet closely misses the gnoll.
Unknown command.
Found a scroll labeled YLUNASANYA.
Found 8 gold pieces.
You see here 8 gold pieces.
Firing (i - inventory. (/) - cycle)
p - 20 sling bullets (quivered)
Press: ? - help, Shift-Dir - straight line, f/p - gnoll
Aim: a gnoll, wielding a club (lightly wounded)
You shoot a sling bullet. The sling bullet hits the gnoll!
The gnoll is severely wounded.
The gnoll closely misses you.
Firing (i - inventory. (/) - cycle)
p - 19 sling bullets (quivered)
Press: ? - help, Shift-Dir - straight line, f/p - gnoll
Aim: a gnoll, wielding a club (severely wounded)
You shoot a sling bullet. The sling bullet hits the gnoll.
You kill the gnoll!
The gnoll hits you with a club!
Firing (i - inventory. (/) - cycle)
p - 18 sling bullets (quivered)
Press: ? - help, Shift-Dir - straight line, f - gnoll
Aim: a gnoll, wielding a club (lightly wounded)
You shoot a sling bullet. The sling bullet hits the gnoll.
The gnoll is moderately wounded.
The gnoll hits you with a club.
Firing (i - inventory. (/) - cycle)
p - 17 sling bullets (quivered)
Press: ? - help, Shift-Dir - straight line, f/p - gnoll
Aim: a gnoll, wielding a club (moderately wounded)
You shoot a sling bullet. The sling bullet hits the gnoll.
The gnoll is moderately wounded.
The gnoll hits you with a club.
* * * LOW HITPOINT WARNING * * *
Firing (i - inventory. (/) - cycle)
p - 16 sling bullets (quivered)
Press: ? - help, Shift-Dir - straight line, f/p - gnoll
Aim: a gnoll, wielding a club (moderately wounded)
You shoot a sling bullet. The sling bullet hits the gnoll!
The gnoll is almost dead.
The gnoll hits you with a club.
* * * LOW HITPOINT WARNING * * *
Unknown command.
Casting: Sandblast (safe; 3% risk of failure)
Confirm with . or Enter, or press ? or * to list all spells.
Aiming: Sandblast (safe; 3% risk of failure)
Press: ? - help, Shift-Dir - straight line, f/p - gnoll
Aim: a gnoll, wielding a club (almost dead)
The blast of sand hits the gnoll.
You kill the gnoll!
b - 40 stones
Casting: Sandblast (safe; 3% risk of failure)
Confirm with . or Enter, or press ? or * to list all spells.
Aiming: Sandblast (safe; 3% risk of failure)
Press: ? - help, Shift-Dir - straight line, f - gnoll
Aim: a gnoll, wielding a flail The blast of sand misses the gnoll.
The blast of sand hits the dart slug.
The dart slug is lightly wounded.
b - 39 stones The gnoll hits you with a flail!
Ouch! That really hurt!
You die...

.......############
..................#
.......##########.#
###.#...........#.#
#.#.#...........#
#.#..........####
#.#...#......#..
#.#...#.####[#.#
#.#...#...<..#@#
#.#...######.#g#
#<#.... ..#.#
#.##.#########w#
#..............#####
#..#......†..........
####..........#######
+........).....?
#..........#####


You could see a gnoll and a dart slug.

Vanquished Creatures
  Robin (D:2)
  4 gnolls
  2 oozes
  A worm (D:2)
  2 dart slugs
  A leopard gecko (D:2)
  An orc (D:3)
  2 giant cockroaches (D:2)
  7 hobgoblins
  3 jackals (D:2)
  5 kobolds
  6 bats
  3 frilled lizards
  7 goblins
  6 rats
51 creatures vanquished.

Notes
Turn   | Place    | Note
-------+----------+-------------------------------------------
     0 | D:1      | Amnesiac the Mummy Earth Elementalist began the quest for the Orb.
     0 | D:1      | Reached XP level 1. HP: 13/13 MP: 4/4
   543 | D:1      | Reached XP level 2. HP: 19/19 MP: 5/5
   565 | D:1      | Learned a level 2 spell: Passwall
   965 | D:1      | Reached XP level 3. HP: 15/24 MP: 7/7
  1706 | D:2      | Noticed Robin
  1731 | D:2      | HP: 1/24 [hobgoblin[Robin] (1)]
  1750 | D:2      | Reached XP level 4. HP: 4/30 MP: 1/9
  1766 | D:2      | Killed Robin
  2625 | D:3      | Slain by a gnoll

Vault maps used:
D:1:      wheals_arrival_shading
D:2:      uniq_robin

Skill      XL: |  1  2 |
---------------+-------+-----
Spellcasting   | 3 |  3.9
Earth Magic    | 3 |  3.9
Short Blades   | |  0.2
Dodging        | |  1.5
Stealth        | |  1.7
Transmutations | |  0.7

Action                   |  1- 3 |  4- 6 || total
-------------------------+-------+-------++-------
Melee: Short sword       |   115 |    20 ||   135
       Whip              |     3 |       ||     3
 Fire: Hunting sling     |       |    28 ||    28
 Cast: Sandblast         |    20 |    12 ||    32
  Use: Scroll            |     2 |       ||     2
 Stab: Sleeping          |     3 |       ||     3
Armor: Robe              |    25 |     8 ||    33
Dodge: Dodged            |    95 |    27 ||   122

Table legend:
 A = Spawn XP
 B = Non-spawn XP
 C = Spawn XP percentage of total XP
 D = Spawn monster count
 E = Non-spawn monster count
 F = Spawn count percentage of total count
 G = Total turns spent on level
                    A         B        C        D         E        F      G
               +---------+---------+-------+---------+---------+-------+---------
         Total |       0 |     166 |   0.0 |       0 |      51 |   0.0 |  2625
               +---------+---------+-------+---------+---------+-------+---------
           D:1 |       0 |      56 |   0.0 |       0 |      17 |   0.0 |  1219
           D:2 |       0 |      76 |   0.0 |       0 |      29 |   0.0 |  1315
           D:3 |       0 |      34 |   0.0 |       0 |       5 |   0.0 |    91
               +---------+---------+-------+---------+---------+-------+---------
